 Dungeon Crawl Stone Soup version 0.26.0-16-gc1dbca0489 (webtiles) character file.

Game seed: 150192606182294242

37 kaeus the Sneak (level 3, -1/19 HPs)
             Began as a Vampire Enchanter on Jan 21, 2021.
             Slain by an adder (5 damage)
             ... on level 2 of the Dungeon.
             The game lasted 00:05:18 (1151 turns).

kaeus the Sneak (Vampire Enchanter)                 Turns: 1151, Time: 00:05:18

Health: -1/19      AC:  0    Str:  8    XL:     3   Next: 21%
Magic:  6/6        EV: 13    Int: 17    God:
Gold:   68         SH:  0    Dex: 14    Spells: 0/6 levels left

rFire    . . .     SeeInvis +   a - +1 dagger
rCold    + + .     Faith    .   (no shield)
rNeg     + + +     Spirit   .   (no armour)
rPois    ∞         Reflect  .   (no helmet)
rElec    .         Harm     .   (no cloak)
rCorr    .         Rampage  .   (no gloves)
Will     .....                  (no boots)
Stlth    +++++.....             (no amulet)
HPRegen  0.00/turn              (no ring)
MPRegen  0.10/turn              (no ring)

@: bloodless
A: fangs 3, see invisible, unbreathing
a: Bat Form, Revivify


You were on level 2 of the Dungeon.
You visited 1 branch of the dungeon, and saw 2 of its levels.

You collected 68 gold pieces.

Inventory:

Hand Weapons
 a - a +1 dagger (weapon)
Armour
 j - a +0 leather armour
 l - a +0 ring mail
Scrolls
 b - a scroll of immolation {unknown}
 c - a scroll of enchant weapon {unknown}
 f - 2 scrolls of remove curse {unknown}
 g - a scroll of identify {unknown}
 h - a scroll of fear {unknown}
 i - a scroll of teleportation {unknown}
 k - 3 scrolls of amnesia {unknown}
Potions
 d - 2 potions of heal wounds {unknown}
 e - a potion of curing {unknown}


   Skills:
 + Level 1.8 Short Blades
 + Level 2.6 Dodging
 + Level 4.9 Stealth
 + Level 2.3 Spellcasting
 + Level 4.8 Hexes


You couldn't memorise any spells.
You knew the following spells:

 Your Spells              Type           Power        Failure   Level
a - Corona                Hex            20%          2%          1
b - Confusing Touch       Hex            18%          8%          3
c - Ensorcelled Hibernat  Hex/Ice        20%          11%         2

Your spell library contained the following spells:

 Spells                   Type           Power        Failure   Level
 Tukima's Dance           Hex            18%          8%          3
 Dazzling Flash           Conj/Hex       20%          21%         3


Dungeon Overview and Level Annotations

Branches:
Dungeon (2/15)

Altars:
Yredelemnul


Innate Abilities, Weirdness & Mutations

You do not regenerate when monsters are visible.
You are frail without blood (-20% HP).
You can heal yourself when you bite living creatures.
You are immune to poison.
You have razor-sharp teeth.
You have supernaturally acute eyesight. (SInv)
You can survive without breathing.


Message History

The adder bites you.
Keep equipping yourself? [Y]es or [N]o only, please.
Keep equipping yourself? [Y]es or [N]o only, please.
Keep equipping yourself?
You stop putting on your armour.
You barely miss the adder. The adder closely misses you. The adder bites you.
The adder completely misses you. The adder closely misses you.
The adder bites you. The adder misses you. The adder closely misses you.
The adder bites you.
* * * LOW HITPOINT WARNING * * *
The adder bites you.
* * * LOW HITPOINT WARNING * * *
The adder bites you.
You die...

#...##### #.#.....########
#.##...........# #.##.####.####.#
#.##.##.....##.# #.##.#.......#.#
#.##.#.......#.# #.##....._.....#
#@##.#.......#.# #S##.#.......#.#
. #######.##.##.....##.###
.#########.......##.####.####....
...........########..............
......###..# ###.#.....#.....
..###.###### #.........#.<...
....#......# #######..##.....
#.........# ### ##........


You could see an adder.

Vanquished Creatures
  A dart slug (D:1)
  3 ball pythons
  6 bats
  A giant cockroach (D:1)
  A goblin (D:1)
  4 hobgoblins (D:1)
  2 jackals (D:2)
  5 kobolds (D:1)
  2 frilled lizards (D:1)
  7 rats (D:1)
32 creatures vanquished.

Notes
Turn   | Place    | Note
-------+----------+-------------------------------------------
     0 | D:1      | kaeus the Vampire Enchanter began the quest for the Orb.
     0 | D:1      | Reached XP level 1. HP: 13/13 MP: 3/3
   158 | D:1      | Reached XP level 2. HP: 19/19 MP: 5/5
   701 | D:1      | Reached XP level 3. HP: 19/19 MP: 6/6
   954 | D:2      | Found a faded altar of an unknown god.
  1026 | D:2      | Learned a level 3 spell: Confusing Touch
  1029 | D:2      | Learned a level 2 spell: Ensorcelled Hibernation
  1035 | D:2      | Found a basalt altar of Yredelemnul.
  1151 | D:2      | Slain by an adder

Illustrated notes

Levels and vault maps discovered:
D:1:      dpeg_arrival_shrine, layout_basic
D:2:      layout_rooms, lemuel_zombie_altar_kikubaaqudgha, old_standard_altar,
          chequers_ecumenical_altar_simple, hex_medium, uniq_jessica

Action                   || total
-------------------------++-------
Melee: Dagger            ||    80
       Bite              ||     5
 Cast: Corona            ||    12
 Abil: Exsanguinate      ||     1
 Stab: Sleeping          ||    15
Armor: Robe              ||    15
Dodge: Dodged            ||    56
